 Dungeon Crawl Stone Soup version 0.31-a0-971-g75a2e9a4b4 (webtiles) character file.

Game seed: 16122961235912074803

800 timneilson the Ruffian (level 7, -2/53 HPs)
             Began as a Gnoll Shapeshifter on Oct 28, 2023.
             Slain by a killer bee (8 damage)
             ... on level 4 of the Dungeon.
             The game lasted 00:15:43 (3994 turns).

timneilson the Ruffian (Gnoll Shapeshifter)         Turns: 3994, Time: 00:15:44

Health: -2/53      AC:  9    Str: 12 (15) XL:     7   Next: 90%
Magic:  11/11      EV:  7    Int:  8 (10) God:
Gold:   240        SH:  0    Dex:  9 (11) Spells: 11/11 levels left

rFire   + .          .
                       - Unarmed
rCold   + . .        (no shield)
rNeg    . . .        l - +0 chain mail
rPois   +            (helmet currently unavailable)
rElec   +            (cloak currently unavailable)
rCorr   +            (gloves currently unavailable)
SInv    .            (boots currently unavailable)
Will    +....        (no amulet) Stlth
                     a - ring "Dorhi" {Wiz rElec rPois rCorr Stlth-}
HPRegen 0.28/turn    t - ring of willpower
MPRegen 0.12/turn

%: wizardry (x1)
@: beast-form, resistant
A: beast (slay +4), fangs 1, strong nose, distributed training
a: Begin Untransformation


You were on level 4 of the Dungeon.
You were a hulking beast.
You visited 1 branch of the dungeon, and saw 5 of its levels.

You collected 240 gold pieces.

Inventory:

Hand Weapons
 e - a +2 whip of electrocution
Armour
 f - a +0 cloak
 k - a +0 plate armour
 l - a +0 chain mail (worn)
Jewellery
 a - the ring "Dorhi" (left hand) {Wiz rElec rPois rCorr Stlth-}
   (You acquired it on level 1 of the Dungeon)

   [ring of wizardry]

   Wiz:       It improves your spell success rate.
   rElec:     It insulates you from electricity.
   rPois:     It protects you from poison rCorr: It protects you from acid and
   corrosion.
   Stlth-:    It makes you less stealthy.
 t - a ring of willpower (right hand)
Talismans
 c - a beast talisman
 d - a flux talisman
Wands
 m - a wand of iceblast (13)
Scrolls
 o - a scroll of revelation
Potions
 b - 3 potions of lignification
 g - 2 potions of enlightenment
 h - a potion of curing {unknown}
 n - a potion of heal wounds {unknown}
 q - a potion of resistance
 r - a potion of attraction {unknown}


   Skills:
 + Level 3.9 Fighting
 + Level 2.8 Short Blades
 + Level 2.8 Long Blades
 + Level 2.8 Axes
 + Level 2.8 Maces & Flails
 + Level 2.8 Polearms
 + Level 2.8 Staves
 + Level 2.8 Ranged Weapons
 + Level 2.8 Throwing
 + Level 2.8 Armour
 + Level 5.4 Dodging
 + Level 2.8 Stealth
 + Level 2.8 Shields
 + Level 7.2 Unarmed Combat
 + Level 2.8 Spellcasting
 + Level 2.3 Conjurations
 + Level 2.3 Hexes
 + Level 2.3 Summonings
 + Level 2.3 Necromancy
 + Level 2.3 Translocations
 + Level 2.3 Transmutations
 + Level 2.3 Fire Magic
 + Level 2.3 Ice Magic
 + Level 2.3 Air Magic
 + Level 2.3 Earth Magic
 + Level 2.3 Poison Magic
 + Level 3.1 Invocations
 + Level 2.8 Evocations
 + Level 7.0 Shapeshifting


You had 11 spell levels left.
You didn't know any spells.
Your spell library contained the following spells:

 Spells                   Type           Power      Damage    Failure   Level
 Cigotuvi's Dreadful Rot  Necr/Pois/Air  8%         N/A       86%         2
 Dispel Undead            Necr           4%         3d7       100%        4
 Death Channel            Necr           2%         N/A       100%        6


Dungeon Overview and Level Annotations

Branches:
Dungeon (5/15)
 Temple: D:4-7

Altars:
Sif Muna
Vehumet
The Shining One

Shops:
D:2 *   D:4 *


Innate Abilities, Weirdness & Mutations

You are a hulking beast.
Your limbs bulge with bestial killing power. (Slay +4)
You have very sharp teeth.
Your uncanny sense of smell can sniff out nearby items.
Your experience applies equally to all skills.


Message History

The killer bee stings you but does no damage.
You barely miss the killer bee.
The killer bee stings you but does no damage.
The killer bee barely misses you.
You barely miss the killer bee. Your bite misses the killer bee.
The killer bee stings you but does no damage.
You barely miss the killer bee. The killer bee stings you.
The killer bee closely misses you.
You completely miss the killer bee. The killer bee barely misses you. x2
You closely miss the killer bee.
The killer bee stings you but does no damage.
You barely miss the killer bee. The killer bee stings you. x2
You punch the killer bee!
The killer bee is almost dead.
The killer bee stings you but does no damage.
The killer bee barely misses you.
You hit the killer bee.
You kill the killer bee!
The killer bee closely misses you.
You closely miss the killer bee. The killer bee stings you!
* * * LOW HITPOINT WARNING * * *
The killer bee stings you.
* * * LOW HITPOINT WARNING * * *
You hit the killer bee but do no damage.
Your punch misses the killer bee.
The killer bee stings you but does no damage.
You barely miss the killer bee. The killer bee stings you.
* * * LOW HITPOINT WARNING * * *
The killer bee stings you but does no damage.
You closely miss the killer bee. The killer bee stings you.
* * * LOW HITPOINT WARNING * * *
The killer bee closely misses you.
It was a potion of resistance.
You feel protected.
The killer bee stings you but does no damage. x2
It was a potion of degeneration.
There was something very wrong with that liquid.
You feel weakened.
You feel dopey.
You feel clumsy. The killer bee stings you!
You die...

##>...#...#...
#....###.###..
#.....#.(.#...
###........(....
#.....#.....#<#.
###.#...#.#.....#.
#...............#.
#y#.#.#...#.<.....
#h#...#...#......#
####.###.#...#...####
#..............######
#..............####_#
#....#####'######....
#....#.........##♣...
#....'.........##....
#....#..#########♣...
#....#..#.....^####'#


You could see a killer bee.

Vanquished Creatures
  2 ogres (D:4)
  A gnoll sergeant (D:5)
  A scorpion (D:4)
  2 killer bees (D:4)
  A hound (D:4)
  An iguana (D:4)
  4 orc wizards (D:3)
  10 gnolls
  6 adders
  A white imp (D:5)
  2 worms (D:3)
  4 dart slugs
  6 orcs
  8 ball pythons
  5 bats
  7 endoplasms
  11 giant cockroaches
  4 goblins
  7 hobgoblins
  10 jackals
  12 kobolds
  A quokka (D:2)
  3 frilled lizards
  5 rats
114 creatures vanquished.

Notes
Turn   | Place    | Note
-------+----------+-------------------------------------------
     0 | D:1      | timneilson the Gnoll Shapeshifter began the quest for the
                  | Orb.
     0 | D:1      | Reached XP level 1. HP: 17/17 MP: 1/1
     3 | D:1      | Found a runed translucent door.
    12 | D:1      | You fall into a shaft and drop 1 floor!
   105 | D:2      | Reached XP level 2. HP: 23/23 MP: 2/2
   355 | D:1      | Reached XP level 3. HP: 28/28 MP: 3/3
   374 | D:1      | Reached skill level 1 in Invocations
   533 | D:1      | Reached skill level 1 in Short Blades
   533 | D:1      | Reached skill level 1 in Long Blades
   533 | D:1      | Reached skill level 1 in Axes
   533 | D:1      | Reached skill level 1 in Maces & Flails
   533 | D:1      | Reached skill level 1 in Polearms
   533 | D:1      | Reached skill level 1 in Staves
   533 | D:1      | Reached skill level 1 in Ranged Weapons
   533 | D:1      | Reached skill level 1 in Throwing
   533 | D:1      | Reached skill level 1 in Armour
   533 | D:1      | Reached skill level 1 in Stealth
   533 | D:1      | Reached skill level 1 in Shields
   533 | D:1      | Reached skill level 1 in Spellcasting
   533 | D:1      | Reached skill level 1 in Evocations
   854 | D:1      | Identified a scroll of acquirement
   854 | D:1      | Acquired the ring "Dorhi" {Wiz rElec rPois rCorr Stlth-}
   946 | D:2      | Found a faded altar of an unknown god.
   956 | D:2      | Reached XP level 4. HP: 34/34 MP: 5/5
   986 | D:2      | Found Butusuo's General Store.
  1411 | D:2      | Reached skill level 1 in Conjurations
  1411 | D:2      | Reached skill level 1 in Hexes
  1411 | D:2      | Reached skill level 1 in Summonings
  1411 | D:2      | Reached skill level 1 in Necromancy
  1411 | D:2      | Reached skill level 1 in Translocations
  1411 | D:2      | Reached skill level 1 in Transmutations
  1411 | D:2      | Reached skill level 1 in Fire Magic
  1411 | D:2      | Reached skill level 1 in Ice Magic
  1411 | D:2      | Reached skill level 1 in Air Magic
  1411 | D:2      | Reached skill level 1 in Earth Magic
  1411 | D:2      | Reached skill level 1 in Poison Magic
  1499 | D:3      | Reached XP level 5. HP: 16/40 MP: 5/7
  1898 | D:3      | Found a shimmering blue altar of Sif Muna.
  1907 | D:3      | Reached XP level 6. HP: 47/47 MP: 8/8
  2183 | D:4      | Found a radiant altar of Vehumet.
  2376 | D:4      | Reached skill level 5 in Dodging
  2761 | D:4      | Found a glowing golden altar of the Shining One.
  2918 | D:4      | Found Kiatsaic's Assorted Antiques.
  3067 | D:4      | Reached XP level 7. HP: 19/52 MP: 10/10
  3259 | D:5      | Entered Level 5 of the Dungeon
  3329 | D:5      | Identified the +4 war axe "Utexzy" {freeze, rPois Int+3}
  3994 | D:4      | Slain by a killer bee

Illustrated notes

Levels and vault maps discovered:
D:1:      dpeg_arrival_caged_fury, layout_basic, st_stairs_7,
          minmay_tree_intersection
D:2:      layout_loops_ring, serial_shops, shop,
          hellmonk_ecumenical_altar_dog_temple, minmay_tromino_mix6
D:3:      layout_rooms, kennysheep_orc_sif_temple, chequers_serial_rivers_marsh,
          minmay_misc_feat_five
D:4:      layout_basic, vehumet_crystals, tso_altar, serial_shops, shop,
          minmay_increasing_density
D:5:      layout_rooms, pf_just_have_faith, chequers_serial_rivers_marsh

Skill      XL: |  1  2  3  4  5  6  7 |
---------------+----------------------+-----
Invocations    | 1 2 3 |  3.1
Short Blades   | 1 2 |  2.8
Long Blades    | 1 2 |  2.8
Axes           | 1 2 |  2.8
Maces & Flails | 1 2 |  2.8
Polearms       | 1 2 |  2.8
Staves         | 1 2 |  2.8
Ranged Weapons | 1 2 |  2.8
Throwing       | 1 2 |  2.8
Armour         | 1 2 |  2.8
Stealth        | 1 2 |  2.8
Shields        | 1 2 |  2.8
Spellcasting   | 1 2 |  2.8
Evocations     | 1 2 |  2.8
Conjurations   | 1 2 |  2.3
Hexes          | 1 2 |  2.3
Summonings     | 1 2 |  2.3
Necromancy     | 1 2 |  2.3
Translocations | 1 2 |  2.3
Transmutations | 1 2 |  2.3
Fire Magic     | 1 2 |  2.3
Ice Magic      | 1 2 |  2.3
Air Magic      | 1 2 |  2.3
Earth Magic    | 1 2 |  2.3
Poison Magic   | 1 2 |  2.3
Fighting       | 3 |  3.9
Dodging        | 5 |  5.4
Unarmed Combat | 7 |  7.2
Shapeshifting  | 7 |  7.0

Action                     |  1- 3 |  4- 6 |  7- 9 || total
---------------------------+-------+-------+-------++-------
  Melee: Unarmed           |    79 |   135 |    60 ||   274
         Bite              |     4 |     7 |     5 ||    16
         Punch             |     1 |     5 |     2 ||     8
    Use: Scroll            |     3 |     7 |     1 ||    11
         Potion            |       |     1 |     4 ||     5
 Armour: Animal skin       |     5 |       |       ||     5
         Scale mail        |    33 |     1 |       ||    34
         Chain mail        |       |    87 |    88 ||   175
  Dodge: Dodged            |    33 |    50 |    38 ||   121

Table legend: (Time is in decaauts)
 A = Elapsed time spent in this place.
 B = Non-inter-level travel time spent in this place.
 C = Inter-level travel time spent in this place.
 D = Time resting spent in this place.
 E = Time spent auto-exploring this place.
 F = Levels seen in this place.
 G = Mean time per level.
                   A        B        C        D        E       F      G
               +--------+--------+--------+--------+--------+-----+--------+
         Total |   3939 |   3833 |    106 |    779 |   1765 |   5 |  787.8 |
       Dungeon |   3939 |   3833 |    106 |    779 |   1765 |   5 |  787.8 |
               +--------+--------+--------+--------+--------+-----+--------+

Top non-repeatable levels by time:
     D:4: 1555 daAuts
     D:3: 792 daAuts
     D:1: 747 daAuts
     D:2: 620 daAuts
     D:5: 222 daAuts
